 Dungeon Crawl Stone Soup version 0.25.0-15-gac7dcb8 (webtiles) character file.

Game seed: 1684137966974819911

2382 BarkingLeaf the Spear-Bearer (level 9, 0/68 HPs)
             Began as a Merfolk Gladiator on June 28, 2020.
             Was an Elder of Dithmenos.
             Slain by a +2 quarterstaff of chaos (22 damage)
             ... on level 8 of the Dungeon.
             The game lasted 00:42:08 (6580 turns).

BarkingLeaf the Spear-Bearer (Merfolk Gladiator)    Turns: 6580, Time: 00:42:09

Health: 0/68       AC:  9    Str: 15    XL:     9   Next: 45%
Magic:  9/9        EV: 24    Int:  7    God:    Dithmenos [****..]
Gold:   385        SH:  0    Dex: 24    Spells: 8/8 levels left

rFire    . . .     SeeInvis .   c - +2 spear (flame)
rCold    . . .     Gourm    .   (no shield)
rNeg     . . .     Faith    +   x - +1 scale mail {MR+}
rPois    .         Spirit   .   m - +1 helmet
rElec    .         Reflect  .   (no cloak)
rCorr    .         Harm     .   (no gloves)
MR       +....                  (no boots)
Stlth    +++.......             q - amulet of faith
HPRegen  0.21/turn              n - +4 ring of evasion
MPRegen  0.11/turn              r - +6 ring of dexterity

@: agile, wreathed by umbra, lightly drained
A: change form in water, swift swim, stealthy swim
a: Shadow Step, Renounce Religion


You were on level 8 of the Dungeon.
You worshipped Dithmenos.
Dithmenos was greatly pleased with you.
You were not hungry.

You visited 2 branches of the dungeon, and saw 9 of its levels.

You collected 385 gold pieces.

Inventory:

Hand Weapons
 c - a +2 spear of flaming (weapon)
Missiles
 d - a throwing net (quivered)
Armour
 b - a +0 leather armour
 m - a +1 helmet (worn)
 x - a +1 scale mail of magic resistance (worn)
Jewellery
 g - a +6 ring of intelligence
 n - a +4 ring of evasion (left hand)
 q - an amulet of faith (around neck)
 r - a +6 ring of dexterity (right hand)
Wands
 p - a wand of polymorph (12)
 s - a wand of iceblast (12)
 u - a wand of random effects (18)
 A - a wand of paralysis (12)
Scrolls
 a - a scroll of amnesia
 j - 2 scrolls of identify
 k - 2 scrolls of remove curse
 o - a scroll of magic mapping
 t - a scroll of fear
 y - a scroll of enchant weapon {unknown}
Potions
 e - a potion of heal wounds
 h - 3 potions of curing
 i - 2 potions of might
 v - a potion of stabbing {unknown}
 w - a potion of ambrosia {unknown}
Comestibles
 f - 13 rations
 z - 4 chunks of flesh


   Skills:
 + Level 5.0(4.7) Fighting
 * Level 12.0(11.6) Polearms
 - Level 2.2(1.9) Throwing
 * Level 3.1(2.8) Armour
 * Level 7.3(7.0) Dodging
 * Level 6.0(5.7) Stealth


You had 8 spell levels left.
You didn't know any spells.
Your spell library contained the following spells:

 Spells                   Type           Power        Failure   Level  Hunger
 Magic Dart               Conj           #...         87%         1    ##.....
 Blink                    Tloc           N/A          95%         2    ###....
 Call Imp                 Summ           #.......     95%         2    ###....
 Slow                     Hex            #.......     95%         2    ###....
 Confusing Touch          Hex            #.......     99%         3    ####...
 Conjure Flame            Conj/Fire      #.......     99%         3    ####...
 Gell's Gravitas          Tloc           #.........   99%         3    ####...
 Mephitic Cloud           Conj/Pois/Air  #.......     99%         3    ####...
 Petrify                  Tmut/Erth      #.......     100%        4    #####..
 Metabolic Englaciation   Hex/Ice        #.........   100%        5    ######.
 Yara's Violent Unravell  Hex/Tmut       #.........   100%        5    ######.


Dungeon Overview and Level Annotations

Branches:
Dungeon (8/15)             Temple (1/1) D:7
   Lair: D:8-11

Altars:
Ashenzari
Cheibriados
Dithmenos
Gozag
Hepliaklqana
Kikubaaqudgha
Makhleb
Nemelex Xobeh
Okawaru
Qazlal
Ru
Sif Muna
Trog
Uskayaw
Vehumet
Wu Jian
Xom
Yredelemnul
The Shining One

Annotations:
D:8 Lazarous's ghost, novice GrEE


Message History

You reach to attack!
You closely miss Lazarous's ghost. The +2 quarterstaff of chaos hits you!
The +2 quarterstaff of chaos burns you.
Attack whom?
Press: ? - help, Dir - move target cursor, f - +2 quarterstaff of chaos, p - Lazarous's ghost
Aim: a +2 quarterstaff of chaos (umbra)
You barely miss the +2 quarterstaff of chaos.
The +2 quarterstaff of chaos hits you! The +2 quarterstaff of chaos burns you.
Attack whom?
Press: ? - help, Dir - move target cursor, f/p - +2 quarterstaff of chaos
Aim: a +2 quarterstaff of chaos (umbra)
Your scale mail prevents you from hitting the +2 quarterstaff of chaos.
The +2 quarterstaff of chaos barely misses you.
Attack whom?
Press: ? - help, Dir - move target cursor, f/p - +2 quarterstaff of chaos
Aim: a +2 quarterstaff of chaos (umbra)
You hit the +2 quarterstaff of chaos.
The +2 quarterstaff of chaos is lightly damaged.
As you read the scroll of holy word, it crumbles to dust.
You speak a Word of immense power!
The +2 quarterstaff of chaos hits you!!
You die...

#...# #.#.# #.#..
...#### # ..##.##
#.###.#W_.# .#
#.....##(##...#
###...@...# #########
#..............
........#
#.#.!..........
........#
#.#............
........#
#.'...........(
........#
###........####
..###.#######........#
..# #.#..........###.#
..# #.#....#####.#


You could see a +2 quarterstaff of chaos and Lazarous's ghost.

Vanquished Creatures
  Prince Ribbit (D:7)
  Sigmund (D:4)
  2 phantoms
  2 ice beasts (D:5)
  3 ogres
  2 centaurs
  A big kobold (D:8)
  2 bullfrogs
  2 scorpions
  2 crimson imps
  5 orc priests
  2 hounds
  An orc wizard (D:5)
  A gnoll shaman (D:3)
  Jessica (D:3)
  2 iguanas
  A hell rat (D:7)
  6 worker ants
  A hound skeleton (D:5)
  A hound zombie (D:7)
  2 worker ant zombies
  3 gnolls (D:3)
  7 adders
  9 river rats (D:7)
  4 shadow imps
  2 oozes
  2 adder skeletons
  4 worms
  4 dart slugs
  2 leopard geckos
  12 orcs
  A ball python (D:3)
  3 giant cockroaches
  10 goblins
  8 hobgoblins
  6 jackals
  11 quokkas
  8 bats
  7 frilled lizards
  11 kobolds
  29 rats
184 creatures vanquished.

Notes
Turn   | Place    | Note
-------+----------+-------------------------------------------
     0 | D:1      | BarkingLeaf the Merfolk Gladiator began the quest for the
                  | Orb.
     0 | D:1      | Reached XP level 1. HP: 16/16 MP: 1/1
    50 | D:1      | Reached XP level 2. HP: 11/22 MP: 2/2
   277 | D:1      | Reached skill level 5 in Polearms
   408 | D:1      | Reached XP level 3. HP: 26/28 MP: 3/3
   955 | D:2      | Found a faded altar of an unknown god.
   963 | D:2      | Became a worshipper of Dithmenos the Shadowed
   963 | D:2      | Reached * piety under Dithmenos
  1240 | D:3      | Reached XP level 4. HP: 34/34 MP: 4/4
  1510 | D:3      | Reached skill level 6 in Polearms
  1649 | D:3      | Found a shadowy altar of Dithmenos.
  1981 | D:3      | Reached XP level 5. HP: 34/41 MP: 5/5
  2261 | D:3      | Noticed Jessica
  2267 | D:3      | Killed Jessica
  2267 | D:3      | Reached skill level 1 in Armour
  2340 | D:3      | Reached skill level 7 in Polearms
  2346 | D:3      | Found an ornate altar of the Wu Jian Council.
  2528 | D:4      | Reached ** piety under Dithmenos
  2528 | D:4      | Reached skill level 5 in Dodging
  2587 | D:4      | Noticed Sigmund
  2597 | D:4      | Noticed an ogre
  2598 | D:4      | Killed Sigmund
  2598 | D:4      | Reached XP level 6. HP: 45/47 MP: 6/6
  2604 | D:4      | Noticed a phantom
  2664 | D:4      | Reached skill level 8 in Polearms
  2664 | D:4      | Reached skill level 1 in Stealth
  2664 | D:4      | Reached XP level 7. HP: 53/53 MP: 7/7
  3220 | D:5      | Entered Level 5 of the Dungeon
  3235 | D:5      | Found a glowing golden altar of the Shining One.
  3286 | D:5      | Reached skill level 9 in Polearms
  3416 | D:5      | Reached XP level 8. HP: 45/60 MP: 8/8
  3793 | D:5      | Reached skill level 10 in Polearms
  3840 | D:5      | Found a shattered altar of Ashenzari.
  3938 | D:5      | Reached *** piety under Dithmenos
  4100 | D:6      | Found a shimmering altar of Xom.
  4936 | D:7      | Reached skill level 11 in Polearms
  4936 | D:7      | Reached skill level 5 in Stealth
  4936 | D:7      | Reached XP level 9. HP: 66/66 MP: 9/9
  4946 | D:7      | Noticed Prince Ribbit
  4963 | D:7      | Killed Prince Ribbit
  5011 | D:7      | Found a staircase to the Ecumenical Temple.
  5014 | D:7      | Found a hide-covered altar of Uskayaw.
  5040 | Temple   | Entered the Ecumenical Temple
  5415 | D:7      | Found a shattered altar of Ashenzari.
  5543 | D:7      | Found a burning altar of Makhleb.
  5661 | D:7      | Noticed a cacodemon
  5665 | D:7      | Noticed an orange demon
  5990 | D:7      | Reached **** piety under Dithmenos
  6300 | D:8      | Reached skill level 12 in Polearms
  6418 | D:8      | Reached skill level 5 in Fighting
  6560 | D:8      | Found a runed translucent door.
  6561 | D:8      | Found a shimmering altar of Xom.
  6561 | D:8      | Noticed Lazarous's ghost (novice GrEE)
  6563 | D:8      | Noticed a +2 quarterstaff of chaos
  6580 | D:8      | Slain by a +2 quarterstaff of chaos

Illustrated notes

Levels and vault maps discovered:
D:1:      onia_arrival_handbag, layout_rooms
D:2:      layout_rooms, chequers_ecumenical_altar_island, skrybe_limestone_x
D:3:      layout_loops_ring, lemuel_coloured_pillars_altar,
          grunt_dithmenos_smoke, uniq_jessica
D:4:      layout_loops_ring, first_ration, uniq_sigmund
D:5:      layout_loops_ring, tso_metal_star, basic_altar
D:6:      layout_loops_ring, old_standard_altar
D:7:      lemuel_ratsnest, layout_loops_ring, overflow_temple_1_default,
          makhleb_altar_promises_db, eat_drink_and_be_merry_uskayaw,
          minmay_temple_entry_proselytizer, uniq_prince_ribbit1
D:8:      layout_basic, chequers_temple_overflow_minitemple, serial_shops, shop,
          ebering_ghost_xom, uniq_joseph
Temple:   nicolae_temple_x_marks_the_god

Skill      XL: |  1  2  3  4  5  6  7  8  9 |
---------------+----------------------------+-----
Polearms       | 5 6 7 8 9 11 12 | 12.0
Fighting       | 3 4 5 |  5.0
Armour         | 1 2 3 |  3.1
Dodging        | 5 6 7 |  7.3
Stealth        | 1 2 5 6 |  6.0
Throwing       | |  2.2

Action                   |  1- 3 |  4- 6 |  7- 9 || total
-------------------------+-------+-------+-------++-------
Melee: Trident           |   138 |    80 |       ||   218
       Tailslap          |     2 |       |       ||     2
       Spear             |       |    46 |   498 ||   544
Throw: Throwing net      |       |     3 |       ||     3
Evoke: Wand              |       |       |     5 ||     5
  Use: Potion            |     4 |       |     1 ||     5
       Scroll            |     3 |     6 |    10 ||    19
 Stab: Sleeping          |       |     1 |    19 ||    20
       Fleeing           |       |       |     1 ||     1
  Eat: Chunk             |     1 |     4 |    10 ||    15
       Ration            |       |       |     1 ||     1
Armor: Leather armour    |    29 |     4 |     9 ||    42
       Scale mail        |       |       |    16 ||    16
Dodge: Dodged            |    94 |    79 |   186 ||   359
